 Dungeon Crawl Stone Soup version 0.27.1-4-g1640c2035a (webtiles) character file.

Game seed: 17030823643143602556

708 Kobyduff the Chopper (level 7, 0/61 HPs)
             Began as a Minotaur Berserker on Nov 5, 2021.
             Was a Believer of Trog.
             Slain by a steam dragon (1 damage)
             ... on level 5 of the Dungeon.
             The game lasted 00:20:59 (7728 turns).

Kobyduff the Chopper (Minotaur Berserker)           Turns: 7728, Time: 00:21:00

Health: 0/61       AC: 12    Str: 23    XL:     7   Next: 40%
Magic:  6/6        EV: 12    Int:  4    God:    Trog [**....]
Gold:   182        SH:  0    Dex: 10    Spells: 6/6 levels left

rFire    . . .     SeeInvis .   n - +5 quarterstaff (chaos)
rCold    . . .     Faith    .   (shield currently unavailable)
rNeg     . . .     Spirit   .   i - quicksilver dragon scales
rPois    .         Reflect  .   (helmet restricted)
rElec    .         Harm     .   (no cloak)
rCorr    .         Rampage  .   c - +0 pair of gloves
Will     +....                  (no boots)
Stlth    +.........             (no amulet)
HPRegen  0.20/turn              d - ring of flight
MPRegen  0.10/turn              (no ring)

@: flying
A: horns 2, retaliatory headbutt
a: Renounce Religion, Berserk, Trog's Hand


You were on level 5 of the Dungeon.
You worshipped Trog.
Trog was pleased with you.
You visited 1 branch of the dungeon, and saw 5 of its levels.

You collected 182 gold pieces.

Inventory:

Hand Weapons
 k - a +0 hand axe of venom
 n - a +5 quarterstaff of chaos (weapon)
Missiles
 g - 3 curare-tipped darts (quivered)
Armour
 c - a +0 pair of gloves (worn)
 i - quicksilver dragon scales (worn)
Jewellery
 d - a ring of flight (left hand)
 q - a +4 ring of evasion
Scrolls
 e - 2 scrolls of enchant armour {unknown}
 h - a scroll of identify
 l - 2 scrolls of summoning {unknown}
 o - 2 scrolls of enchant weapon
 p - a scroll of fog {unknown}
Potions
 a - a potion of ambrosia {unknown}
 b - a potion of flight {unknown}
 f - a potion of haste
 j - a potion of lignification {unknown}
 m - a potion of cancellation


   Skills:
 + Level 5.4 Fighting
 + Level 2.2 Short Blades
 + Level 5.9 Axes
 + Level 2.9 Staves
 + Level 5.0 Armour
 + Level 3.8 Dodging
 + Level 1.4 Stealth


You had 6 spell levels left.
You didn't know any spells.
Your spell library contained the following spells:

 Spells                   Type           Power      Damage    Failure   Level
 Freeze                   Ice            0%         1d3       65%         1
 Frozen Ramparts          Ice            0%         1d2       95%         3
 Hailstorm                Conj/Ice       0%         3d3       100%        4


Dungeon Overview and Level Annotations

Branches:
Dungeon (5/15)
 Temple: D:4-7

Altars:
Cheibriados
Elyvilon
Kikubaaqudgha
Okawaru
Sif Muna
Xom
Zin


Innate Abilities, Weirdness & Mutations

You have a pair of horns on your head.
You reflexively headbutt those who attack you in melee.


Message History

The white imp gestures at you.
The puff of frost hits you but does no damage.
The white imp barely misses you. The white imp gestures at you.
The puff of frost hits you but does no damage.
The white imp completely misses you. The white imp closely misses you.
You furiously retaliate!
You headbutt the white imp, but do no damage.
The white imp hits you but does no damage.
The white imp hits you but does no damage.
The white imp hits you.
* * * LOW HITPOINT WARNING * * *
The white imp freezes you.
* * * LOW HITPOINT WARNING * * *
The white imp barely misses you. The white imp misses you.
You furiously retaliate!
You headbutt the white imp.
You kill the white imp!
Trog accepts your kill.
Found an onyx ring.
q - a +4 ring of evasion A steam dragon comes into view.
Found a potion of cancellation.
The steam dragon bites you but does no damage.
The steam dragon claws you but does no damage.
The steam dragon misses you. You furiously retaliate!
You headbutt the steam dragon! The steam dragon closely misses you.
The steam dragon closely misses you. You furiously retaliate!
You headbutt the steam dragon.
The steam dragon claws you but does no damage.
The steam dragon bites you but does no damage.
The steam dragon closely misses you. The steam dragon breathes steam at you.
The ball of steam hits you!
* * * LOW HITPOINT WARNING * * *
You are engulfed in a cloud of scalding steam.
* * * LOW HITPOINT WARNING * * *
The steam dragon closely misses you. x2
You are engulfed in a cloud of scalding steam.
The steam dragon bites you.
You die...

#...# ##.......##.####
#...##.#..............
##....................
###..#.#.....#####.#.
##.#.###....## ...
#.#.........## ###
#..§.##.###..# #
##.§###..# ##.# #.@.#
#.## #.# #...D....#.
#.# #........#. #.###
#.!......# #...#
#........# ###.###
..........# #....
############ ####. ##


You could see a steam dragon.

Vanquished Creatures
  Sigmund (D:3)
  2 ogres (D:4)
  A jelly (D:4)
  A hound (D:5)
  Crazy Yiuf (D:3)
  An iguana (D:5)
  2 orc wizards
  A howler monkey zombie (D:5)
  Robin (D:3)
  3 adders
  A shadow imp (D:4)
  A white imp (D:5)
  3 worms
  5 dart slugs
  12 orcs
  A bat (D:2)
  9 endoplasms
  7 giant cockroaches
  12 goblins
  18 hobgoblins
  8 jackals
  9 kobolds
  2 quokkas
  4 ball pythons
  3 frilled lizards
  6 rats
115 creatures vanquished.

Vanquished Creatures (others)
  4 fungi (D:3)
4 creatures vanquished.

Grand Total: 119 creatures vanquished

Notes
Turn   | Place    | Note
-------+----------+-------------------------------------------
     0 | D:1      | Kobyduff the Minotaur Berserker began the quest for the
                  | Orb.
     0 | D:1      | Reached XP level 1. HP: 19/19 MP: 0/0
  1030 | D:1      | Reached XP level 2. HP: 25/27 MP: 1/1
  2303 | D:1      | Reached XP level 3. HP: 32/33 MP: 2/2
  4660 | D:3      | Reached XP level 4. HP: 41/41 MP: 3/3
  4662 | D:3      | Reached ** piety under Trog
  4991 | D:3      | Noticed Sigmund
  5001 | D:3      | Killed Sigmund
  5002 | D:3      | Reached skill level 1 in Short Blades
  5002 | D:3      | Reached skill level 1 in Stealth
  5002 | D:3      | Reached XP level 5. HP: 32/47 MP: 4/4
  5323 | D:3      | Found a runed translucent door.
  5324 | D:3      | Noticed Crazy Yiuf
  5376 | D:3      | Reached skill level 5 in Axes
  5376 | D:3      | Reached XP level 6. HP: 52/55 MP: 5/5
  5504 | D:3      | Noticed Robin
  5511 | D:3      | Reached skill level 5 in Fighting
  5520 | D:3      | Killed Robin
  5910 | D:3      | Found an ancient bone altar of Kikubaaqudgha.
  5949 | D:3      | Found a shimmering blue altar of Sif Muna.
  6183 | D:3      | Killed Crazy Yiuf
  6792 | D:4      | Reached skill level 1 in Staves
  7023 | D:4      | Found an iron altar of Okawaru.
  7215 | D:4      | Reached XP level 7. HP: 61/61 MP: 6/6
  7311 | D:4      | Found a white marble altar of Elyvilon.
  7311 | D:4      | Found a shimmering altar of Xom.
  7312 | D:4      | Found a glowing silver altar of Zin.
  7404 | D:5      | Entered Level 5 of the Dungeon
  7441 | D:5      | Reached skill level 5 in Armour
  7521 | D:5      | Found a snail-covered altar of Cheibriados.
  7720 | D:5      | Noticed a steam dragon
  7727 | D:5      | HP: 1/61 [steam dragon] (6)]
  7728 | D:5      | Slain by a steam dragon

Illustrated notes

Levels and vault maps discovered:
D:1:      kilobyte_arrival_exit_the_forest, layout_basic
D:2:      layout_loops_ring
D:3:      layout_loops_corners, mainiacjoe_overflow_big_doors, minivault_26,
          uniq_robin, uniq_sigmund, uniq_crazy_yiuf_cottage
D:4:      layout_loops_ring, mainiacjoe_overflow_alcove_2,
          gammafunk_temple_overflow_claw, kennysheep_another_room
D:5:      layout_rooms, mainiacjoe_overflow_tiny_flanked,
          mainiacjoe_overflow_large_starburst, serial_shops, shop,
          minmay_misc_feat_tiny, uniq_ijyb

Skill      XL: |  1  2  3  4  5  6  7 |
---------------+----------------------+-----
Fighting       | 4 5 |  5.4
Axes           | 4 5 |  5.9
Armour         | 3 4 5 |  5.0
Short Blades   | 1 2 |  2.2
Dodging        | 3 |  3.8
Stealth        | 1 |  1.4
Staves         | 2 |  2.9

Action                   |  1- 3 |  4- 6 |  7- 9 || total
-------------------------+-------+-------+-------++-------
Melee: Hand axe          |    62 |    75 |       ||   137
       Headbutt          |    15 |    18 |     2 ||    35
       Dagger            |    54 |       |       ||    54
       Quarterstaff      |       |    26 |    16 ||    42
Invok: Berserk           |     3 |     1 |       ||     4
  Use: Potion            |     2 |     1 |       ||     3
       Scroll            |     1 |     6 |       ||     7
Armor: Animal skin       |     3 |       |       ||     3
       Leather armour    |    24 |       |       ||    24
       Quicksilver drago |    22 |    32 |    67 ||   121
Dodge: Dodged            |    70 |    31 |    66 ||   167
